 Dungeon Sprint DCSS version 0.27.0-66-gdc8fb28755 (webtiles) character file.

Game seed: 3741746161270214711

1399 ABBCCCDDDD the Fighter (level 8, -4/83 HPs)
             Began as a Minotaur Berserker on Aug 19, 2021.
             Was the Champion of Trog.
             Slain by a sixfirhy (9 damage)
             ... summoned by an orc high priest
             ... in the Dungeon (Sprint III: "The Ten Rune Challenge").
             The game lasted 00:02:05 (1137 turns).

ABBCCCDDDD the Fighter (Minotaur Berserker)         Turns: 1137, Time: 00:02:06

Health: -4/83      AC:  4    Str: 25    XL:     8   Next: 41%
Magic:  7/7        EV: 15    Int:  4    God:    Trog [******]
Gold:   42         SH:  0    Dex:  9    Spells: 7/7 levels left

rFire    . . .     SeeInvis .   a - +0 hand axe
rCold    . . .     Faith    .   (no shield)
rNeg     . . .     Spirit   .   b - +0 animal skin
rPois    .         Reflect  .   (helmet restricted)
rElec    .         Harm     .   i - +0 cloak
rCorr    .         Rampage  .   (no gloves)
Will     .....     NoTele   +   (no boots)
Stlth    +.........             (no amulet)
HPRegen  0.23/turn              (no ring)
MPRegen  0.10/turn              (no ring)

@: on berserk cooldown, slowed, very slow
A: horns 2, retaliatory headbutt
a: Renounce Religion, Berserk, Trog's Hand, Brothers in Arms


You were in the Dungeon.
You worshipped Trog.
Trog was exalted by your worship.
You visited 1 branch You collected 42 gold pieces.

Inventory:

Hand Weapons
 a - a +0 hand axe (weapon)
Armour
 b - a +0 animal skin (worn)
 i - a +0 cloak (worn)
Scrolls
 h - a scroll of blinking
 k - 2 scrolls of immolation {unknown}
 l - 2 scrolls of identify {unknown}
Potions
 c - a potion of curing
 d - a potion of heal wounds
 e - a potion of haste
 f - 2 potions of magic
 g - a potion of berserk rage
 j - 4 potions of mutation {unknown}
 m - 2 potions of flight
 n - a potion of lignification {unknown}
 o - 2 potions of might


   Skills:
 + Level 11.7 Fighting
 + Level 11.6 Axes
 + Level 11.3 Armour
 + Level 10.5 Dodging


You had 7 spell levels left.
You didn't know any spells.
Your spell library was empty.

Dungeon Overview and Level Annotations

Branches:
Dungeon (1/1)

Altars:
Cheibriados
Dithmenos
Fedhas
Gozag
Hepliaklqana
Kikubaaqudgha
Makhleb
Nemelex Xobeh
Okawaru
Qazlal
Ru
Sif Muna
Trog
Uskayaw
Vehumet
Wu Jian
Xom
Yredelemnul
Beogh
Jiyva
Lugonu

Shops:
D =


Innate Abilities, Weirdness & Mutations

You have a pair of horns on your head.
You reflexively headbutt those who attack you in melee.


Message History

You barely miss the orc. You hit the orc warrior.
You closely miss the hellwing.
The orc warrior hits you with a +1 scimitar of holy wrath.
The orc high priest hits you from afar with a +0 halberd!
The hellwing misses you. The hellwing completely misses you.
You slash the orc!
You kill the orc!
Trog accepts your kill.
You closely miss the hellwing. You hit the orc warrior. You slash the orc!
You kill the orc!
Trog accepts your kill.
You are no longer berserk.
You are exhausted.
You feel yourself slow down.
You hit the orc warrior. You headbutt the orc warrior.
The orc warrior is heavily wounded.
You hit the hellwing but do no damage. The orc high priest barely misses you.
The hellwing hits you. The hellwing misses you.
You closely miss the orc warrior.
You headbutt the orc warrior, but do no damage.
The orc warrior is heavily wounded.
You hit the orc warrior. You hit the hellwing but do no damage.
You slash something! You barely miss the orc.
The orc high priest utters an invocation to Beogh.
The orc warrior barely misses you.
The orc warrior hits you with a +0 mace.
The hellwing barely misses you. The hellwing hits you.
The orc hits you with a +0 club. Something barely misses you.
The orc warrior hits you with a +1 scimitar of holy wrath!!
* * * LOW HITPOINT WARNING * * *
Items here: )) [ ††.
The sixfirhy misses you. The sixfirhy closely misses you.
You see here 12 gold pieces.
There is an open door to the Orcish Mines here.
The sixfirhy hits you!
* * * LOW HITPOINT WARNING * * *
The sixfirhy shocks you!
* * * LOW HITPOINT WARNING * * *
The sixfirhy hits you!
You die...

##.# ########### #$$# ##..#
#___#__##∩##$.##$ .#..#
#__)#)_#$........
.#..###+#'###'##o)).....$
'#..#..........#o4).....#
#...'.)........#)#o...#$$
#...#.).######'#$####$.#
....#.⌠.#__#...#3###########
....#...#__#...#@...#.#.#..
....#'###__#...##.#..#.##)#
....#)).#__#...'##.#.#.##)#
....#___#__'...#...#..#..##
▓▓▓▓▓▓▓▓▓▓▓▓▓▓▓▓▓▓▓▓▓▓▓▓▓▓


You could see a hellwing (summoned), a sixfirhy (summoned) and 2 orc warriors.

Levels and vault maps discovered:
D:        dungeon_sprint_mu [sprint_mu_entry_cave, sprint_mu_temple_rooms,
          sprint_mu_d1_spiders, sprint_mu_d2_genie, sprint_mu_d3_branching,
          sprint_mu_orc_legion, sprint_mu_elf_gauntlet, sprint_mu_hive_nellie,
          sprint_mu_lair_fedhas, sprint_mu_vaults_butterflies,
          sprint_mu_slime_circle, sprint_mu_swamp_cave, sprint_mu_shoals_archi,
          sprint_mu_blade_basic, sprint_mu_crypt_fortress,
          sprint_mu_tomb_spiral, sprint_mu_vestibule_basic,
          sprint_mu_gehenna_hellfire, sprint_mu_dis_giant,
          sprint_mu_tartarus_statrot, sprint_mu_cocytus_islands, sprint_mu_zot1]

Notes
Turn   | Place    | Note
-------+----------+-------------------------------------------
     0 | D        | ABBCCCDDDD the Minotaur Berserker began the quest for the
                  | Orb.
     0 | D        | Reached XP level 1. HP: 19/19 MP: 0/0
   111 | D        | Reached ** piety under Trog
   123 | D        | Noticed Crazy Yiuf
   128 | D        | Killed Crazy Yiuf
   129 | D        | Reached skill level 5 in Fighting
   129 | D        | Reached skill level 5 in Axes
   129 | D        | Reached XP level 2. HP: 26/29 MP: 1/1
   129 | D        | Reached XP level 3. HP: 32/36 MP: 2/2
   373 | D        | Noticed a water elemental
   377 | D        | Killed a water elemental
   377 | D        | Reached *** piety under Trog
   378 | D        | Reached skill level 5 in Armour
   378 | D        | Reached skill level 5 in Dodging
   378 | D        | Reached XP level 4. HP: 45/45 MP: 3/3
   427 | D        | Found a basalt altar of Yredelemnul.
   427 | D        | Found a shadowy altar of Dithmenos.
   427 | D        | Found a sacrificial altar of Ru.
   427 | D        | Noticed a necrophage
   429 | D        | Killed a necrophage
   430 | D        | Reached XP level 5. HP: 53/53 MP: 4/4
   478 | D        | Noticed a shadow
   481 | D        | Reached **** piety under Trog
   483 | D        | Killed a shadow
   484 | D        | Reached XP level 6. HP: 56/63 MP: 5/5
   600 | D        | Found a blossoming altar of Fedhas.
   600 | D        | Found a stormy altar of Qazlal.
   601 | D        | Found a snail-covered altar of Cheibriados.
   601 | D        | Found a burning altar of Makhleb.
   601 | D        | Found a hazy altar of Hepliaklqana.
   601 | D        | Found a shimmering altar of Xom.
   601 | D        | Found an opulent altar of Gozag.
   601 | D        | Found a sparkling altar of Nemelex Xobeh.
   601 | D        | Found a corrupted altar of Lugonu.
   601 | D        | Found a viscous altar of Jiyva.
   601 | D        | Noticed a spatial vortex
   689 | D        | Killed a spatial vortex
   740 | D        | Noticed a two-headed ogre
   740 | D        | Noticed a two-headed ogre
   762 | D        | Killed a two-headed ogre
   763 | D        | Reached XP level 7. HP: 71/71 MP: 6/6
   767 | D        | Reached ***** piety under Trog
   768 | D        | Reached skill level 10 in Fighting
   768 | D        | Reached skill level 10 in Axes
   880 | D        | Found a hide-covered altar of Uskayaw.
   880 | D        | Found an iron altar of Okawaru.
   880 | D        | Found a bloodstained altar of Trog.
   880 | D        | Found an ornate altar of the Wu Jian Council.
   880 | D        | Noticed a human
   880 | D        | Noticed a human
   888 | D        | Killed a human
   889 | D        | Reached skill level 10 in Armour
   890 | D        | Killed a human
   933 | D        | Found a radiant altar of Vehumet.
   935 | D        | Found a shimmering blue altar of Sif Muna.
   935 | D        | Found an ancient bone altar of Kikubaaqudgha.
  1031 | D        | Noticed a two-headed ogre
  1039 | D        | Killed a two-headed ogre
  1040 | D        | Reached skill level 10 in Dodging
  1040 | D        | Reached XP level 8. HP: 82/82 MP: 7/7
  1115 | D        | Found Neteyli's Jewellery Boutique.
  1118 | D        | Reached ****** piety under Trog
  1120 | D        | Noticed an orc high priest
  1124 | D        | Received a gift from Trog
  1127 | D        | Noticed a hellwing
  1134 | D        | Noticed a sixfirhy
  1137 | D        | Slain by a sixfirhy

Table legend: (Time is in decaauts)
 A = Elapsed time spent in this place.
 B = Non-inter-level travel time spent in this place.
 C = Inter-level travel time spent in this place.
 D = Time resting spent in this place.
 E = Time spent auto-exploring this place.
 F = Levels seen in this place.
 G = Mean time per level.
                   A        B        C        D        E       F      G
               +--------+--------+--------+--------+--------+-----+--------+
         Total |   1213 |   1213 |      0 |    964 |     20 |   1 | 1213.0 |
       Dungeon |   1213 |   1213 |      0 |    964 |     20 |   1 | 1213.0 |
               +--------+--------+--------+--------+--------+-----+--------+

Top non-repeatable levels by time:
       D: 1213 daAuts

Table legend:
 A = Kills in this place as a percentage of kills in entire the game.
 B = Kills by you in this place as a percentage of kills by you in the entire game.
 C = Kills by friends in this place as a percentage of kills by friends in the entire game.
 D = Other kills in this place as a percentage of other kills in the entire game.
 E = Experience gained in this place as a percentage of experience gained in the entire game.
 F = Experience gained in this place divided by the number of levels of this place that you have seen.
                   A       B       C       D       E      F
               +-------+-------+-------+-------+-------+----------------------
         Total | 100.0 | 100.0 |   N/A |   N/A | 100.0 | 1999.0
       Dungeon | 100.0 | 100.0 |   N/A |   N/A | 100.0 | 1999.0
               +-------+-------+-------+-------+-------+----------------------

Action                   |  1- 3 |  4- 6 |  7- 9 || total
-------------------------+-------+-------+-------++-------
Melee: Hand axe          |    17 |    19 |    48 ||    84
       Headbutt          |     3 |     4 |     9 ||    16
Invok: Berserk           |     2 |     5 |     4 ||    11
 Stab: Sleeping          |     1 |       |       ||     1
Armor: Animal skin       |     2 |       |     2 ||     4
Dodge: Dodged            |     3 |     6 |    23 ||    32

Vanquished Creatures
  A shadow (D)
  A spatial vortex (D)
  A necrophage (D)
  4 two-headed ogres (D)
  A water elemental (D)
  A jelly (D)
  An orc priest (D)
  Crazy Yiuf (D)
  A wizard (D)
  A necromancer (D)
  2 orc wizards (D)
  3 humans (D)
  A kobold demonologist (D)
  10 orcs (D)
  4 rats (D)
33 creatures vanquished.

Vanquished Creatures (others)
  4 plants (D)
4 creatures vanquished.

Grand Total: 37 creatures vanquished
